 Dungeon Crawl Stone Soup version 0.29-a0-270-g1586fc07ea (webtiles) character file.

Game seed: 13363534700803260217

1 enile the Magician (level 1, -1/15 HPs)
             Began as a Demonspawn Wanderer on Mar 8, 2022.
             Slain by a gnoll
             ... wielding a +0 flail
              (4 damage)
             ... on level 1 of the Dungeon.
             The game lasted 00:00:14 (84 turns).

enile the Magician (Demonspawn Wanderer)              Turns: 84, Time: 00:00:15

Health: -1/15      AC:  3    Str: 11    XL:     1   Next: 16%
Magic:  4/5        EV: 11    Int: 13    God:
Gold:   0          SH:  0    Dex: 13    Spells: 7/8 levels left

rFire   . . .      SeeInvis .   a - +0 hand crossbow
rCold   . . .      Faith    .   (no shield)
rNeg    . . .      Spirit   .   d - +0 robe
rPois   .          Reflect  .   b - +0 helmet
rElec   .          Harm     .   (no cloak)
rCorr   .          Rampage  .   (no gloves)
Will    .....                   (no boots)
Stlth   ++........              (no amulet)
HPRegen 0.05/turn               (no ring)
MPRegen 0.09/turn               (no ring)

@: no status effects
A: no striking features
a: no special abilities


You were on level 1 of the Dungeon.
You visited 1 branch of the dungeon, and saw 1 of its levels.

Inventory:

Hand Weapons
 a - a +0 hand crossbow (weapon)
Armour
 b - a +0 helmet (worn)
 d - a +0 robe (worn)
Scrolls
 c - a scroll of teleportation
 e - a scroll of identify {unknown}


   Skills:
 + Level 1.0 Fighting
 + Level 1.0 Crossbows
 + Level 1.0 Armour
 + Level 1.8 Stealth
 + Level 4.0 Spellcasting


You had 7 spell levels left.
You knew the following spells:

 Your Spells              Type           Power      Damage    Failure   Level
a - Magic Dart            Conj           8%         1d3       21%         1

Your spell library contained the following spells:

 Spells                   Type           Power      Damage    Failure   Level
 Poisonous Vapours        Pois/Air       4%         N/A       30%         2
 Spider Form              Tmut/Pois      2%         N/A       52%         3
 Tukima's Dance           Hex            2%         N/A       52%         3


Dungeon Overview and Level Annotations

Branches:
Dungeon (1/15)

Altars:


Message History

You kill the endoplasm!
Your magical contamination has completely faded away.
No target in view!
Magic restored.
Found two stone staircases leading down.
A gnoll comes into view. It is wielding a +0 flail.
A gnoll is nearby!
You shoot a bolt. The bolt hits the gnoll!
The gnoll shouts!
The gnoll is severely wounded.
You hear an angry hiss.
You shoot a bolt. The bolt hits the gnoll.
The gnoll is almost dead.
A frilled lizard comes into view.
A rat comes into view.
You shoot a bolt. The bolt hits the gnoll.
The gnoll is almost dead.
You shoot a bolt. The bolt closely misses the gnoll.
The bolt closely misses the rat.
The bolt closely misses the frilled lizard.
The gnoll hits you with a +0 flail.
You shoot a bolt.
The bolt hits the gnoll but does no damage.
The gnoll is severely wounded.
The gnoll misses you.
A kobold comes into view. It is wielding a +0 dagger.
The gnoll hits you with a +0 flail!
Ouch! That really hurt!
You are too injured to fight recklessly!
You are too injured to fight recklessly!
Casting: Magic Dart (safe; 21% risk of failure)
Confirm with . or Enter, or press ? or * to list all spells.
Aiming: Magic Dart (safe; 21% risk of failure)
Press: ? - help, Shift-Dir - straight line, f/p - gnoll
Aim: a gnoll, wielding a +0 flail (severely wounded, 100% to hit)
The magic dart hits the gnoll.
The gnoll is severely wounded.
The gnoll barely misses you. The frilled lizard bites you.
* * * LOW HITPOINT WARNING * * *
The gnoll attacks as you move away! The gnoll hits you with a +0 flail.
You die...

............#.#.........
.....<.........#........
............#.#..........
............##...........
............#.............
...........##.............
#.........#≈#...####......
≈#.......#≈≈#.....>.......
#####.#######...@g>##.....
.. .......#lr#......
.......##........
######.#..#.##.K. #.#.#..#
#.#. .## #.#. .# #... ##
..


You could see a gnoll, a frilled lizard and a rat.

Vanquished Creatures
  An endoplasm (D:1)
1 creature vanquished.

Notes
Turn   | Place    | Note
-------+----------+-------------------------------------------
     0 | D:1      | enile the Demonspawn Wanderer began the quest for the Orb.
     0 | D:1      | enile set off with the following items: a +0 hand crossbow,
                  | a +0 helmet, a scroll of teleportation, a +0 robe; and the
                  | following spell memorised: Magic Dart; and the following
                  | spells available to memorise: Poisonous Vapours, Spider
                  | Form, Tukima's Dance
     0 | D:1      | Reached XP level 1. HP: 15/15 MP: 5/5
    84 | D:1      | Slain by a gnoll

Illustrated notes

Levels and vault maps discovered:
D:1:      psy_arrival_dodecagon, layout_rooms, minmay_misc_feat_nine_boxes

Action                   || total
-------------------------++-------
 Fire: Hand crossbow     ||     7
 Cast: Magic Dart        ||     5
Dodge: Dodged            ||     2

Table legend: (Time is in decaauts)
 A = Elapsed time spent in this place.
 B = Non-inter-level travel time spent in this place.
 C = Inter-level travel time spent in this place.
 D = Time resting spent in this place.
 E = Time spent auto-exploring this place.
 F = Levels seen in this place.
 G = Mean time per level.
                   A        B        C        D        E       F      G
               +--------+--------+--------+--------+--------+-----+--------+
         Total |     87 |     87 |      0 |      0 |     64 |   1 |   87.0 |
       Dungeon |     87 |     87 |      0 |      0 |     64 |   1 |   87.0 |
               +--------+--------+--------+--------+--------+-----+--------+

Top non-repeatable levels by time:
     D:1: 87 daAuts
